 Dungeon Crawl Stone Soup version 0.30.1-4-g462c640d31 (webtiles) character file.

Game seed: 12496707172181167823

21 spardeous the Conjurer (level 2, -1/20 HPs)
             Began as a Demigod Conjurer on Sept 1, 2023.
             Slain by Terence
             ... wielding a +0 short sword
              (4 damage)
             ... on level 2 of the Dungeon.
             The game lasted 00:01:55 (1429 turns).

spardeous the Conjurer (Demigod Conjurer)           Turns: 1429, Time: 00:01:55

Health: -1/20      AC:  4    Str:  8    XL:     2   Next: 48%
Magic:  0/7        EV: 11    Int: 20    God:
Gold:   111        SH:  0    Dex: 12    Spells: 2/5 levels left

rFire   . . .        m - +0 dagger
rCold   . . .        (no shield)
rNeg    . . .        f - +0 leather armour
rPois   .            (no helmet)
rElec   .            (no cloak)
rCorr   .            e - +0 pair of gloves
SInv    +            (no boots)
Will    .....        (no amulet)
Stlth   ++           g - ring of see invisible
HPRegen 0.23/turn    (no ring)
MPRegen 0.10/turn

%: no passive effects
@: about to teleport, attractive, very slightly contaminated
A: high MP 1, forlorn, divine attributes
a: no special abilities


You were on level 2 of the Dungeon.
You visited 1 branch of the dungeon, and saw 2 of its levels.

You collected 111 gold pieces.

Inventory:

Hand Weapons
 m - a +0 dagger (weapon)
Armour
 a - a +0 robe
 e - a +0 pair of gloves (worn)
 f - a +0 leather armour (worn)
 n - a +3 ring mail
Jewellery
 g - a ring of see invisible (left hand)
 l - a ring of resist corrosion
Scrolls
 c - 2 scrolls of enchant weapon {unknown}
 d - 2 scrolls of teleportation
 i - a scroll of poison {unknown}
 k - a scroll of acquirement {unknown}
Potions
 h - a potion of attraction


   Skills:
 - Level 1.7 Dodging
 - Level 1.7 Stealth
 + Level 2.3 Spellcasting
 + Level 4.0 Conjurations


You had 2 spell levels left.
You knew the following spells:

 Your Spells              Type           Power      Damage    Failure   Level
a - Magic Dart            Conj           72%        1d6       4%          1
b - Searing Ray           Conj           36%        2d5       6%          2

Your spell library contained the following spells:

 Spells                   Type           Power      Damage    Failure   Level
 Dazzling Flash           Conj/Hex       20%        N/A       28%         3
 Fulminant Prism          Conj/Hex       5%         3d7       67%         4
 Iskenderun's Mystic Bla  Conj/Tloc      10%        2d4       67%         4


Dungeon Overview and Level Annotations

Branches:
Dungeon (2/15)

Annotations:
D:2 Terence


Innate Abilities, Weirdness & Mutations

You have an increased reservoir of magic. (+10% MP)
You shall have no god before yourself.
Your divine heritage dramatically boosts your attributes as you level up.


Message History

Unknown command.
You barely miss Terence.
Terence is almost dead.
Terence hits you with a +0 short sword.
* * * LOW HITPOINT WARNING * * *
You take 1 damage, and have 8/20 hp.
Unknown command.
You hit Terence but do no damage.
Terence is almost dead.
Terence barely misses you.
Unknown command.
You hit Terence but do no damage.
Terence is almost dead.
Terence hits you with a +0 short sword.
* * * LOW HITPOINT WARNING * * *
You take 2 damage, and have 6/20 hp.
Unknown command.
You closely miss Terence.
Terence is almost dead.
Terence hits you with a +0 short sword.
* * * LOW HITPOINT WARNING * * *
You take 4 damage, and have 2/20 hp.
Unknown command.
Terence is nearby!
Casting: Magic Dart (safe; 4% risk of failure)
Confirm with . or Enter, or press ? or * to list all spells.
Aiming: Magic Dart (safe; 4% risk of failure)
Press: ? - help, Shift-Dir - straight line, f/p - Terence
Aim: Terence, wielding a +0 short sword and wearing a +0 ring mail (almost dead, 100% to hit)
You miscast Magic Dart.
You are very lightly contaminated with residual magic.
Nothing appears to happen.
Terence barely misses you. Terence attacks as you move away!
Terence hits you with a +0 short sword.
* * * LOW HITPOINT WARNING * * *
You take 1 damage, and have 2/20 hp.
You now have 0/7 mp.
Okay, then.
As you read the scroll labelled PIFOTO DUYHOTZ, it crumbles to dust.
You feel strangely unstable.
It was a scroll of teleportation.
Terence hits you with a +0 short sword.
You die...

..#.#
#...........#
.>).#
#......######
..##### #....<.#
......# #.###..#
#####.# #.# #..# #
#.# #.###..# #
#.#####......# #
#.......####@#
#####.####..# #@#
......# #..# #.#
####### #..# ##.##
#..# #...########
#..#
#.#........#######
#..#
#...######.<.....#
#..# #####
#######.# #..#
#.## #..#######
#...


You could see Terence.

Vanquished Creatures
  A worm (D:2)
  5 endoplasms
  2 goblins (D:2)
  2 hobgoblins
  2 bats
  A frilled lizard (D:1)
  2 kobolds
  2 rats
17 creatures vanquished.

Notes
Turn   | Place    | Note
-------+----------+-------------------------------------------
     0 | D:1      | spardeous the Demigod Conjurer began the quest for the Orb.
     0 | D:1      | Reached XP level 1. HP: 14/14 MP: 5/5
   966 | D:2      | Reached XP level 2. HP: 20/20 MP: 4/7
  1203 | D:2      | Learned a level 2 spell: Searing Ray
  1354 | D:2      | Noticed Terence
  1359 | D:2      | Reached skill level 4 in Conjurations
  1429 | D:2      | Slain by Terence

Illustrated notes

Levels and vault maps discovered:
D:1:      dpeg_arrival_arbitrary_b, layout_basic
D:2:      layout_loops_ring, chequers_decorated_corner, uniq_terence

Skill      XL: |  1  2 |
---------------+-------+-----
Spellcasting   | 2 |  2.3
Conjurations   | 4 |  4.0
Dodging        | |  1.7
Stealth        | |  1.7

Action                     || total
---------------------------++-------
  Melee: Dagger            ||     7
   Cast: Magic Dart        ||    31
         Searing Ray       ||     5
    Use: Potion            ||     5
         Scroll            ||     1
 Armour: Leather armour    ||     5
  Dodge: Dodged            ||    14
